 Dungeon Crawl Stone Soup version 0.26-a0-52-gd53d4cd058 (webtiles) character file.

Game seed: 6839367480025341308

92 Hasart the Sneak (level 4, -2/27 HPs)
             Began as a Kobold Assassin on June 6, 2020.
             Slain by Natasha (5 damage)
             ... on level 2 of the Dungeon.
             The game lasted 00:04:18 (2034 turns).

Hasart the Sneak (Kobold Assassin)                  Turns: 2034, Time: 00:04:18

Health: -2/27      AC:  7    Str:  9    XL:     4   Next: 90%
Magic:  4/4        EV: 15    Int: 12    God:
Gold:   35         SH:  0    Dex: 16    Spells: 3/3 levels left

rFire    . . .     SeeInvis .   a - +2 dagger
rCold    . . .     Gourm    .   (shield restricted)
rNeg     . . .     Faith    +   b - +0 robe
rPois    .         Spirit   .   (no helmet)
rElec    .         Reflect  .   c - +0 cloak
rCorr    .         Harm     .   (no gloves)
MR       .....                  (no boots)
Stlth    +++.......             n - amulet of faith
HPRegen  0.09/turn              h - +4 ring of protection
MPRegen  0.09/turn              (no ring)

@: no status effects
A: small, carnivore
a: no special abilities


You were on level 2 of the Dungeon.
You were completely stuffed.

You visited 1 branch of the dungeon, and saw 2 of its levels.

You collected 35 gold pieces.

Inventory:

Hand Weapons
 a - a +2 dagger (weapon)
Armour
 b - a +0 robe (worn)
 c - a +0 cloak (worn)
Jewellery
 h - a +4 ring of protection (left hand)
 n - an amulet of faith (around neck)
Scrolls
 g - a scroll of blinking {unknown}
 j - a scroll of immolation {unknown}
 l - a scroll of random uselessness {unknown}
 p - 2 scrolls of identify {unknown}
Potions
 i - 4 potions of curing {unknown}
 k - a potion of might {unknown}
 m - a potion of invisibility {unknown}
 o - a potion of berserk rage {unknown}
 q - 2 potions of heal wounds {unknown}
Comestibles
 f - 5 rations


   Skills:
 + Level 2.8 Fighting
 * Level 4.2 Short Blades
 + Level 2.8 Throwing
 + Level 2.2 Dodging
 + Level 6.0 Stealth


You had 3 spell levels left.
You didn't know any spells.
Your spell library was empty.

Dungeon Overview and Level Annotations

Branches:
Dungeon (2/15)

Altars:

Annotations:
D:2 Natasha


Innate Abilities, Weirdness & Mutations

You are small and have problems with some larger weapons.
You are carnivorous and can eat meat at any time.


Message History

You throw a curare-tipped dart.
The curare-tipped dart closely misses Natasha.
Natasha mumbles some strange words.
Natasha's front paws start to glow.
Natasha barely misses you. The iron imp hits you.
You hit Natasha.
Natasha is moderately wounded.
Natasha claws you.
* * * LOW HITPOINT WARNING * * *
You barely miss Natasha.
Natasha is moderately wounded.
The iron imp closely misses you. Natasha claws you.
* * * LOW HITPOINT WARNING * * *
You hit Natasha.
Natasha is heavily wounded.
The iron imp misses you.
You hit Natasha.
Natasha is severely wounded.
Natasha claws you.
You die...

######.......#
######### #........
#.......# ##+###.##
#.......# #.# #.##
#.......# ###.###.##
#.......# #.........
#.......# #)..(.....
#.....5.# #.........
#(...h@.######.........
#.....†................
#......................
#.............##.###.##
#######.......##.#...#
#.......##.#.###
#.......##.#.#
#.......##.#.#
#.......##.#.#


You could see an iron imp (summoned) and Natasha (very poisoned).

Vanquished Creatures
  4 adders (D:2)
  2 worms (D:2)
  A leopard gecko (D:2)
  6 bats
  A giant cockroach (D:1)
  8 goblins
  5 hobgoblins
  3 jackals (D:2)
  8 kobolds
  A ball python (D:1)
  5 frilled lizards
  4 rats
48 creatures vanquished.

Notes
Turn   | Place    | Note
-------+----------+-------------------------------------------
     0 | D:1      | Hasart the Kobold Assassin began the quest for the Orb.
     0 | D:1      | Reached XP level 1. HP: 12/12 MP: 1/1
   117 | D:1      | Reached XP level 2. HP: 11/18 MP: 2/2
   578 | D:1      | Reached XP level 3. HP: 22/22 MP: 3/3
  1252 | D:2      | Reached XP level 4. HP: 27/27 MP: 4/4
  1873 | D:2      | Reached skill level 6 in Stealth
  2020 | D:2      | Noticed Natasha
  2034 | D:2      | Slain by Natasha

Illustrated notes

Levels and vault maps discovered:
D:1:      dpeg_arrival_orchard, layout_loops_ring
D:2:      layout_basic, chequers_ecumenical_altar_simple_redux,
          uniq_crazy_yiuf_cottage, uniq_terence, uniq_natasha

Skill      XL: |  1  2  3  4 |
---------------+-------------+-----
Short Blades   | 3 4 |  4.2
Dodging        | 2 |  2.2
Stealth        | 6 |  6.0
Fighting       | |  2.8
Throwing       | |  2.8

Action                   |  1- 3 |  4- 6 || total
-------------------------+-------+-------++-------
Melee: Dagger            |    99 |    67 ||   166
Throw: Dart              |       |    14 ||    14
 Stab: Sleeping          |    12 |     2 ||    14
  Eat: Chunk             |     9 |     3 ||    12
Armor: Robe              |    33 |    26 ||    59
Dodge: Dodged            |    66 |    69 ||   135

Table legend:
 A = Non-vault XP
 B = Vault XP
 C = Vault XP percentage of total XP
 D = Non-vault monster count
 E = Vault monster count
 F = Vault count percentage of total count
                 A         B        C        D         E       F
            +---------+---------+-------+---------+---------+-------
      Total |     132 |       0 |   0.0 |      48 |       0 |   0.0
            +---------+---------+-------+---------+---------+-------
        D:1 |      40 |       0 |   0.0 |      24 |       0 |   0.0
        D:2 |      92 |       0 |   0.0 |      24 |       0 |   0.0
            +---------+---------+-------+---------+---------+-------
